 Dungeon Crawl Stone Soup version 0.29.0-4-gdea44cf6ec (webtiles) character file.

Game seed: 907158448274347351

35 qw the Firebug (level 3, 0/28 HPs)
             Began as a Ghoul Fire Elementalist on Aug 29, 2022.
             Slain by a hobgoblin (6 damage)
             ... led by Robin
             ... on level 3 of the Dungeon.
             The game lasted 00:01:08 (2069 turns).

qw the Firebug (Ghoul Fire Elementalist)            Turns: 2069, Time: 00:01:09

Health: 0/28       AC:  3    Str: 13    XL:     3   Next: 33%
Magic:  4/4        EV:  9    Int: 10    God:
Gold:   68         SH:  6    Dex:  9    Spells: 4/5 levels left

rFire   . . .      SeeInvis .     - Unarmed
rCold   + . .      Faith    .   c - +0 kite shield
rNeg    + + +      Spirit   .   d - +0 leather armour
rPois   inf        Reflect  .   (no helmet)
rElec   .          Harm     .   (no cloak)
rCorr   .          Rampage  .   (no gloves)
Will    .....                   (no boots)
Stlth   +.........              (no amulet)
HPRegen 0.00/turn               (no ring)
MPRegen 0.09/turn               (no ring)

@: inhibited regen
A: claws 1, cold resistance 1, negative energy resistance 3, inhibited
regeneration, torment resistance 2, devour on kill
a: no special abilities


You were on level 3 of the Dungeon.
You visited 1 branch of the dungeon, and saw 3 of its levels.

You collected 68 gold pieces.


Innate Abilities, Weirdness & Mutations

You are immune to poison.
You have sharp fingernails.
Your flesh is cold resistant. (rC+)
You are immune to negative energy. (rN+++)
You do not regenerate when monsters are visible.
You are immune to unholy pain and torment.
You thrive by killing the living.


   Skills:
 - Level 1.2 Fighting
 - Level 1.7 Dodging
 - Level 2.1 Stealth
 - Level 1.0 Shields
 + Level 2.2 Unarmed Combat
 - Level 1.7 Spellcasting
 - Level 0.7 Conjurations
 - Level 2.4 Fire Magic


You had 4 spell levels left.
You knew the following spells:

 Your Spells              Type           Power      Damage    Failure   Level
a - Foxfire               Conj/Fire      16%        2x1d4     58%         1

Your spell library contained the following spells:

 Spells                   Type           Power      Damage    Failure   Level
 Scorch                   Fire           10%        2d6       63%         2
 Conjure Flame            Conj/Fire      4%         6-21      92%         3
 Inner Flame              Hex/Fire       3%         N/A       95%         3
 Flame Wave               Conj/Fire      4%         2d5       100%        4

Inventory:

Armour
 c - a +0 kite shield (worn)
 d - a +0 leather armour (worn)
Scrolls
 a - a scroll of torment {unknown}
Potions
 e - a potion of flight {unknown}

Dungeon Overview and Level Annotations

Branches:
Dungeon (2/15)

Altars:

Annotations:
D:3 Robin


Message History

The hobgoblin misses you. Robin throws the goblin at you!
You scratch the hobgoblin.
You kill the hobgoblin!
The goblin hits you but does no damage.
You closely miss the goblin.
The goblin hits you but does no damage. x2
You scratch the goblin.
The goblin is moderately wounded.
The goblin hits you with a +0 club. You block the goblin's attack. x2
The goblin barely misses you.
Robin says, "My goblins will feast on your bones."
You barely miss the goblin.
The goblin is moderately wounded.
The goblin hits you with a +0 club. The goblin hits you with a +0 dagger.
You closely miss the goblin.
The goblin is moderately wounded.
The goblin no longer looks unusually strong.
You block the goblin's attack. The goblin hits you with a +0 dagger.
You completely miss the goblin.
The goblin is moderately wounded.
The goblin barely misses you. The goblin hits you but does no damage.
You barely miss the goblin.
The goblin is moderately wounded.
The goblin no longer looks unusually strong.
The hobgoblin no longer looks unusually strong.
The goblin hits you with a +0 club. The goblin hits you with a +0 dagger.
You scratch the goblin.
You kill the goblin!
Robin roars a battlecry!
The goblins go into a battle-frenzy!
The goblin barely misses you. x2; The goblin hits you with a +0 dagger.
You scratch the goblin.
You kill the goblin!
You feel better. The goblin hits you with a +0 dagger.
Your Shields skill increases to level 1!
You scratch the hobgoblin but do no damage.
The goblin no longer looks unusually strong.
The goblin hits you but does no damage. The hobgoblin hits you.
You die...

###############
#g.gg@g)...(..#
#.gg####)..##.#
#.g. #8...8#
#... ##...##
#..g #%..# #...
#...# #...
8...8# ####
#...## #...#


You could see Robin, 3 hobgoblins and 3 goblins.

Vanquished Creatures
  A worm (D:2)
  2 dart slugs (D:1)
  2 ball pythons (D:1)
  An endoplasm (D:1)
  A giant cockroach (D:1)
  4 hobgoblins
  A quokka (D:1)
  2 bats
  8 goblins
  2 kobolds (D:1)
  A rat (D:1)
25 creatures vanquished.

Notes
Turn   | Place    | Note
-------+----------+-------------------------------------------
     0 | D:1      | qw the Ghoul Fire Elementalist began the quest for the Orb.
     0 | D:1      | Reached XP level 1. HP: 14/14 MP: 2/2
     0 | D:1      | 0 ||| qw: Version: 0.1-a-90-g952f4b7
     0 | D:1      | 0 ||| qw: Game counter: 4082
     0 | D:1      | 0 ||| qw: Always use a shield: true
     0 | D:1      | 0 ||| qw: God list: Okawaru
     0 | D:1      | 0 ||| qw: Allow faded altars: false
     0 | D:1      | 0 ||| qw: Do Orc after D:15 true
     0 | D:1      | 0 ||| qw: Do second Lair branch before Depths: true
     0 | D:1      | 0 ||| qw: Lair rune preference: random
     0 | D:1      | 0 ||| qw: Plans: Normal
     0 | D:1      | 0 ||| PLANNING D:1-11
    55 | D:1      | Found a faded altar of an unknown god.
   128 | D:1      | Reached skill level 1 in Unarmed Combat
   272 | D:1      | Reached skill level 1 in Fighting
   272 | D:1      | Reached XP level 2. HP: 21/23 MP: 3/3
   549 | D:1      | 549 ||| Stepping ~*~*~tactically~*~*~ (hiding).
   651 | D:1      | 651 ||| Stepping ~*~*~tactically~*~*~ (hiding).
   753 | D:1      | 753 ||| Stepping ~*~*~tactically~*~*~ (hiding).
   855 | D:1      | 855 ||| Stepping ~*~*~tactically~*~*~ (hiding).
   957 | D:1      | 957 ||| Stepping ~*~*~tactically~*~*~ (hiding).
  1723 | D:1      | 1723 ||| UPGRADING to +0 kite shield.
  1728 | D:1      | 1728 ||| UPGRADING to +0 leather armour.
  1738 | D:1      | 1738 ||| DROPPING +0 robe.
  1739 | D:1      | 1739 ||| DROPPING potion of magic.
  1780 | D:2      | Reached XP level 3. HP: 18/28 MP: 4/4
  1956 | D:2      | You fall into a shaft and drop 1 floor!
  1969 | D:3      | Noticed Robin
  1970 | D:3      | 1970 ||| Stepping ~*~*~tactically~*~*~ (hiding).
  2054 | D:3      | 2054 ||| Stepping ~*~*~tactically~*~*~ (outnumbered).
  2066 | D:3      | HP: 6/28 [goblin/+0 dagger[Robin] (2)]
  2069 | D:3      | Reached skill level 1 in Shields
  2069 | D:3      | Slain by a hobgoblin

Levels and vault maps discovered:
D:1:      dpeg_arrival_simpleton_a, layout_basic,
          dreamdust_ecumenical_altar_grove
D:2:      minmay_wonky_spiral, layout_basic, minmay_tromino_i4
D:3:      layout_rooms, minmay_misc_feat_enclosed, corexii_hall_statues_t,
          uniq_robin

Skill      XL: |  1  2  3 |
---------------+----------+-----
Unarmed Combat | 1 2 |  2.2
Fighting       | 1 |  1.2
Shields        | 1 |  1.0
Dodging        | |  1.7
Stealth        | |  2.1
Spellcasting   | |  1.7
Conjurations   | |  0.7
Fire Magic     | |  2.4

Action                   || total
-------------------------++-------
Melee: Unarmed           ||   105
       Punch             ||     2
Armor: Robe              ||     8
       Leather armour    ||     7
Dodge: Dodged            ||    43
Block: Kite shield       ||     8

Table legend:
 A = Non-vault XP
 B = Vault XP
 C = Vault XP percentage of total XP
 D = Non-vault monster count
 E = Vault monster count
 F = Vault count percentage of total count
                 A         B        C        D         E       F
            +---------+---------+-------+---------+---------+-------
      Total |      39 |      11 |  22.0 |      19 |       6 |  24.0
            +---------+---------+-------+---------+---------+-------
        D:1 |      33 |       0 |   0.0 |      17 |       0 |   0.0
        D:2 |       5 |       0 |   0.0 |       1 |       0 |   0.0
        D:3 |       1 |      11 |  91.7 |       1 |       6 |  85.7
            +---------+---------+-------+---------+---------+-------
